 Dungeon Crawl Stone Soup version 0.29.1-12-g30fa7ad0bf (webtiles) character file.

Game seed: 15937392015114301093

21 112233 the Ducker (level 2, -1/14 HPs)
             Began as a Felid Fighter on Dec 23, 2022.
             Was a Follower of the Shining One.
             Slain by a kobold
             ... wielding a +0 whip
              (2 damage)
             ... on level 1 of the Dungeon.
             The game lasted 00:00:22 (669 turns).

112233 the Ducker (Felid Fighter)                    Turns: 669, Time: 00:00:23

Health: -1/14      AC:  1    Str: 12    XL:     2   Next: 62%
Magic:  3/3        EV: 18    Int:  9    God:    the Shining One [*.....]
Gold:   30         SH:  0    Dex: 15    Spells: 1/1 levels left
                                        Lives:  0   Deaths: 0

rFire   . . .      SeeInvis +     - Unarmed
rCold   . . .      Faith    .   (shield unavailable)
rNeg    . . .      Spirit   .   (body armour unavailable)
rPois   .          Reflect  .   (helmet unavailable)
rElec   .          Harm     .   (cloak unavailable)
rCorr   .          Rampage  .   (gloves unavailable)
Will    .....                   (boots unavailable)
Stlth   +.........              (no amulet)
HPRegen 0.04/turn               (no ring)
MPRegen 0.08/turn               (no ring)

@: glowing, quick
A: very small, claws 1, fangs 3, see invisible, speed 1, shaggy fur 1, stealthy
paws, no weapons or thrown items, no armour, multi-lived
a: Renounce Religion, Divine Shield


You were on level 1 of the Dungeon.
You worshipped the Shining One.
The Shining One was aware of your devotion.
You visited 1 branch of the dungeon, and saw 1 of its levels.

You collected 30 gold pieces.

Inventory:

Scrolls
 b - a scroll of identify {unknown}
 c - a scroll of noise {unknown}
Potions
 a - a potion of might
 d - a potion of lignification {unknown}


   Skills:
 + Level 3.3 Fighting
 + Level 4.5 Dodging
 + Level 4.2 Unarmed Combat


You had one spell level left.
You didn't know any spells.
Your spell library was empty.

Dungeon Overview and Level Annotations

Branches:
Dungeon (1/15)

Altars:
The Shining One


Innate Abilities, Weirdness & Mutations

You have sharp claws.
You have razor-sharp teeth.
You have supernaturally acute eyesight. (SInv)
You cover ground quickly. (Speed+)
You are covered in fur. (AC +1)
Your paws help you pounce on unaware monsters.
You are incapable of wielding weapons or throwing items.
You cannot wear armour.
You gain extra lives every three experience levels.


Message History

The jackal misses you.
The endoplasm moves out of view.
You scratch the jackal.
You kill the jackal!
A bat comes into view.
A rat comes into view.
The jackal closely misses you.
The bat moves out of view.
You claw the jackal!
You kill the jackal!
You barely miss the giant cockroach. Your claw misses the giant cockroach.
You bite the giant cockroach.
You kill the giant cockroach!
You scratch the ball python but do no damage.
The ball python bites you. The ball python closely misses you.
A kobold comes into view. It is wielding a +0 whip.
The kobold shouts!
You scratch the ball python.
You kill the ball python!
An endoplasm comes into view.
You scratch the endoplasm but do no damage.
You claw the endoplasm.
You kill the endoplasm!
You see here a giant cockroach corpse.
Unknown command.
You scratch the rat.
You kill the rat!
The bat completely misses you. The bat barely misses you.
You scratch the bat but do no damage. The bat hits you.
The bat closely misses you. The kobold hits you with a +0 whip.
You barely miss the kobold. The bat hits you.
* * * LOW HITPOINT WARNING * * *
The kobold closely misses you. The endoplasm hits you.
* * * LOW HITPOINT WARNING * * *
The bat completely misses you.
You scratch the kobold but do no damage.
The bat closely misses you. The kobold barely misses you.
The endoplasm completely misses you. The bat hits you.
* * * LOW HITPOINT WARNING * * *
You barely miss the kobold. The bat hits you.
* * * LOW HITPOINT WARNING * * *
The kobold hits you with a +0 whip.
You die...

...###.## ........#
#....# .....
....###. ####....#
..... .........
......!##.....
......#..
.............
...#..... #....#....
........#..##...b...
......#....#...JK!#
.###..#.......##@#
..# ..........##†#
..# ..........#.#
..#...#........#.#
....# #........#.#
...># #..........#
...## #.........##
.....##........##
..#####.####..##


You could see an endoplasm, a bat and a kobold.

Vanquished Creatures
  2 endoplasms (D:1)
  A giant cockroach (D:1)
  3 goblins (D:1)
  2 jackals (D:1)
  2 kobolds (D:1)
  A quokka (D:1)
  2 ball pythons (D:1)
  3 bats (D:1)
  A frilled lizard (D:1)
  3 rats (D:1)
20 creatures vanquished.

Notes
Turn   | Place    | Note
-------+----------+-------------------------------------------
     0 | D:1      | 112233 the Felid Fighter began the quest for the Orb.
     0 | D:1      | Reached XP level 1. HP: 10/10 MP: 2/2
   229 | D:1      | Reached XP level 2. HP: 14/14 MP: 3/3
   278 | D:1      | Found a faded altar of an unknown god.
   574 | D:1      | Prayed at the altar of an unknown god.
   574 | D:1      | Became a worshipper of the Shining One
   574 | D:1      | Reached * piety under the Shining One
   669 | D:1      | Slain by a kobold

Illustrated notes

Levels and vault maps discovered:
D:1:      dpeg_arrival_pits, layout_rooms, ebering_ecumenical_altar_box

Action                   || total
-------------------------++-------
Melee: Unarmed           ||    42
       Bite              ||     5
       Punch             ||     1
Armor: Skin              ||     2
Dodge: Dodged            ||    44
